 Dungeon Crawl Stone Soup version 0.30-a0-368-g86fb4627a9 (webtiles) character file.

Game seed: 18201524190970992714

198 kiwi3s the Chopper (level 5, -2/67 HPs)
             Began as a Minotaur Berserker on Nov 18, 2022.
             Was a Believer of Trog.
             Succumbed to an orc wizard's poison
             ... on level 4 of the Dungeon.
             The game lasted 00:02:30 (2322 turns).

kiwi3s the Chopper (Minotaur Berserker)             Turns: 2322, Time: 00:02:31

Health: -2/67      AC: 13    Str: 23    XL:     5   Next: 47%
Magic:  4/4        EV:  7    Int:  4    God:    Trog [**....]
Gold:   194        SH:  0    Dex: 10    Spells: 4/4 levels left

rFire   . . .      SeeInvis .    a - +0 hand axe
rCold   . . .      Faith    .    (no shield)
rNeg    . . .      Spirit   .    g - +0 plate armour
rPois   .          Reflect  .    (helmet restricted)
rElec   .          Harm     .    (no cloak)
rCorr   .          Rampage  .    e - +0 pair of gloves
Will    .....                    f - +0 pair of boots
Stlth   ..........               (no amulet)
HPRegen 0.31/turn                (no ring)
MPRegen 0.09/turn                (no ring)

@: berserking, lethally poisoned (-2 -> -29), very quick
A: horns 2, retaliatory headbutt
a: Renounce Religion, Berserk, Trog's Hand


You were on level 4 of the Dungeon.
You worshipped Trog.
Trog was pleased with you.
You visited 1 branch of the dungeon, and saw 4 of its levels.

You collected 194 gold pieces.

Inventory:

Hand Weapons
 a - a +0 hand axe (weapon)
Armour
 b - a +0 animal skin
 e - a +0 pair of gloves (worn)
 f - a +0 pair of boots (worn)
 g - a +0 plate armour (worn)
Jewellery
 c - a ring of see invisible
Wands
 q - a wand of polymorph (7)
 r - a wand of flame (25)
Scrolls
 d - 2 scrolls of teleportation {unknown}
 h - a scroll of identify {unknown}
 i - a scroll of vulnerability {unknown}
 k - a scroll of blinking {unknown}
 n - a scroll of fog {unknown}
 o - 2 scrolls of enchant weapon {unknown}
 p - a scroll of poison {unknown}
 s - a scroll of torment {unknown}
Potions
 j - a potion of might {unknown}
 l - 2 potions of heal wounds {unknown}
 m - a potion of lignification {unknown}


   Skills:
 - Level 3.6 Fighting
 + Level 7.5 Axes
 - Level 2.4 Armour
 - Level 2.1 Dodging


You had 4 spell levels left.
You didn't know any spells.
Your spell library was empty.

Dungeon Overview and Level Annotations

Branches:
Dungeon (4/15)
 Temple: D:4-7

Altars:
Nemelex Xobeh


Innate Abilities, Weirdness & Mutations

You have a pair of horns on your head.
You reflexively headbutt those who attack you in melee.


Message History

You hit something but do no damage.
You feel very sick.
You hear some strange, mumbled words.
A magic dart appears from out of thin air!
The magic dart hits you but does no damage.
You hit something but do no damage.
Your skin stops crawling.
You feel less strong-willed.
You feel very sick. Something hits you but does no damage.
You are more poisoned.
Unknown command.
Unknown command.
You hit the orc. You headbutt the orc, but do no damage.
The orc is heavily wounded.
You closely miss something.
You feel very sick. Something hits you.
You are lethally poisoned!
The orc hits you but does no damage.
You are too injured to fight recklessly!
You are too injured to fight recklessly!
Unknown command.
You barely miss something. You closely miss the orc.
* * * LOW HITPOINT WARNING * * *
You feel extremely sick.
An orc wizard appears from thin air!
Reactivating autopickup.
The orc wizard closely misses you. The orc hits you with a +0 mace.
* * * LOW HITPOINT WARNING * * *
You hit the orc wizard.
The orc wizard is severely wounded.
You hit the orc but do no damage.
* * * LOW HITPOINT WARNING * * *
You feel very sick.
The orc wizard hits you but does no damage.
You are more poisoned.
The orc barely misses you.
A red film seems to cover your vision as you go berserk!
You feel yourself moving faster!
You feel mighty!
You die...

..#.......##+### #...#
..##########....##.#.#
. #<........#
#.....##### #..>..####
. # #........# ..
#.#.....##.#
...#.#..##)##.##
.........o@....#
.........o)...##
........#######
........# .......##
.....#. .....#. ....
#. .... #.


You could see an orc wizard and an orc.

Vanquished Creatures
  An orc priest (D:4)
  8 adders
  4 worms
  A dart slug (D:1)
  6 orcs
  5 ball pythons
  6 endoplasms
  5 giant cockroaches
  9 goblins
  8 hobgoblins
  2 jackals (D:4)
  2 quokkas
  5 bats
  A frilled lizard (D:3)
  8 kobolds
  5 rats
76 creatures vanquished.

Vanquished Creatures (others)
  A plant (D:2)
1 creature vanquished.

Grand Total: 77 creatures vanquished

Notes
Turn   | Place    | Note
-------+----------+-------------------------------------------
     0 | D:1      | kiwi3s the Minotaur Berserker began the quest for the Orb.
     0 | D:1      | Reached XP level 1. HP: 19/19 MP: 0/0
    76 | D:1      | Reached skill level 4 in Axes
   177 | D:1      | Reached XP level 2. HP: 26/26 MP: 1/1
   655 | D:2      | Reached skill level 5 in Axes
   659 | D:2      | Reached XP level 3. HP: 30/31 MP: 2/2
   973 | D:2      | Reached ** piety under Trog
   974 | D:2      | Reached skill level 6 in Axes
   974 | D:2      | Reached XP level 4. HP: 39/39 MP: 3/3
  1902 | D:3      | Reached XP level 5. HP: 42/45 MP: 4/4
  1923 | D:3      | Found a sparkling altar of Nemelex Xobeh.
  1983 | D:3      | Reached skill level 7 in Axes
  2181 | D:3      | Found a faded altar of an unknown god.
  2322 | D:4      | Succumbed to an orc wizard's poison

Illustrated notes

Levels and vault maps discovered:
D:1:      amcnicky_arrival_flooded_fountain, layout_loops_ring, minmay_tall_x
D:2:      layout_loops_corners, dk_vineyard_1, serial_bayou_ford_a,
          guppyfry_early_orc_mine
D:3:      layout_loops_ring, mainiacjoe_overflow_six_doors_small,
          basic_ecumenical_altar
D:4:      layout_basic, chequers_ossuary_entry_cave, corner_web_ring

Skill      XL: |  1  2  3  4  5 |
---------------+----------------+-----
Axes           | 4 5 6 7 |  7.5
Fighting       | |  3.6
Armour         | |  2.4
Dodging        | |  2.1

Action                   |  1- 3 |  4- 6 || total
-------------------------+-------+-------++-------
Melee: Hand axe          |    78 |    99 ||   177
       Headbutt          |    13 |    20 ||    33
       Punch             |       |     1 ||     1
Invok: Berserk           |       |     1 ||     1
       Trog's Hand       |       |     1 ||     1
Armor: Animal skin       |     6 |       ||     6
       Plate armour      |    44 |    61 ||   105
Dodge: Dodged            |    25 |    25 ||    50

Table legend: (Time is in decaauts)
 A = Elapsed time spent in this place.
 B = Non-inter-level travel time spent in this place.
 C = Inter-level travel time spent in this place.
 D = Time resting spent in this place.
 E = Time spent auto-exploring this place.
 F = Levels seen in this place.
 G = Mean time per level.
                   A        B        C        D        E       F      G
               +--------+--------+--------+--------+--------+-----+--------+
         Total |   2331 |   2234 |     97 |      0 |   1815 |   4 |  582.8 |
       Dungeon |   2331 |   2234 |     97 |      0 |   1815 |   4 |  582.8 |
               +--------+--------+--------+--------+--------+-----+--------+

Top non-repeatable levels by time:
     D:2: 997 daAuts
     D:1: 625 daAuts
     D:3: 573 daAuts
     D:4: 134 daAuts
